Unix NetHack Version 5.0.0-0 post-release - last build May 31 2026 23:59:36 (970b52f25bf058293b47ddfd14a1e40e571c508c,branch:main).

Game began 2026-06-01 23:38:21, ended 2026-06-01 23:40:57.

JPB01, neutral female human Wizard

                                                                       -------
                                                                       |..f..|
                                                                       |.@...|
                                                                       ......|
                                                                       |.....|
                                                                       -------

JPB01 the Evoker          St:7 Dx:16 Co:15 In:18 Wi:9 Ch:10  Neutral
Dlvl:1  $:0  HP:0(12) Pw:7(7) AC:9  Xp:1 T:1 

Latest messages:
 Shall I pick character's race, role, gender and alignment for you? [ynaq] n
 [Thoth has chosen you to recover the Amulet of Yendor for Him.]
 Hello JPB01, welcome to NetHack!  You are a neutral female human Wizard.
 You are lucky!  Full moon tonight.
 What do you want to read? [ijklm or ?*] ?
 As you read the scroll, it disappears.
 What type of monster do you want to genocide? 
 Type the name of a type of monster or 'none'.
 What type of monster do you want to genocide? [enter the name of a type of monster, or '?'] human
 Wiped out all humans.
 Do not pass Go.  Do not collect 200 zorkmids.
 Do you want your possessions identified? [ynq] (y) q

Inventory:
 Weapons  (')')
  a - a blessed +1 quarterstaff (weapon in hands)
 Armor    ('[')
  b - an uncursed +0 cloak of magic resistance (being worn)
 Scrolls  ('?')
  k - an uncursed scroll of confuse monster
  i - an uncursed scroll of remove curse
 Spellbooks  ('+')
  m - an uncursed spellbook of detect food
  l - a blessed spellbook of force bolt
 Potions  ('!')
  g - an uncursed potion of paralysis
  f - a blessed potion of sickness
  h - an uncursed potion of water
 Rings    ('=')
  e - an uncursed ring of conflict
  d - an uncursed ring of slow digestion
 Wands    ('/')
  c - a wand of secret door detection (0:14)
 Tools    ('(')
  n - a magic marker (0:21)

JPB01 the Wizard's attributes:

Background:
 You were an Evoker, a level 1 female human Wizard.
 You were neutral, on a mission for Thoth
 who was opposed by Ptah (lawful) and Anhur (chaotic).
 You were right-handed.
 You were in the Dungeons of Doom, on level 1.
 You had just started your adventure.
 It was nighttime.
 There was a full moon in effect when your adventure ended.
 You had 0 experience points, 20 were needed to attain level 2.

Basics:
 You had 0 out of 12 hit points.
 You had all 7 energy points (spell power).
 Your armor class was 9.
 Your wallet was empty.
 Autopickup was off.

Final Characteristics:
 Your strength was 7 (limit:18/100).
 Your dexterity was 16 (limit:18).
 Your constitution was 15 (limit:18).
 Your intelligence was 18 (limit:18).
 Your wisdom was 9 (limit:18).
 Your charisma was 10 (limit:18).

Final Status:
 You weren't hungry.
 You were unencumbered.
 You were wielding a quarterstaff.
 You had basic skill with quarterstaff.

Final Attributes:
 You were nominally aligned.
 You were magic-protected.
 You were warded.
 You were lucky.
 You are dead.

Miscellaneous:
 You disabled loading and storing of bones levels.
 Total elapsed playing time was 6 seconds.

Major events:
 Turn
    1: JPB01 the neutral female human Wizard entered the dungeon
    1: performed her first genocide (humans)
    1: killed by a scroll of genocide

Spells:
 Name                 Level Category     Fail Retention
 force bolt             1   attack         0%      100%
 detect food            2   divination    53%      100%

Skills:
 Fighting Skills
   bare handed combat [Unskilled]
   riding             [Unskilled]
 Weapon Skills
   dagger             [Unskilled]
   knife              [Unskilled]
   axe                [Unskilled]
   short sword        [Unskilled]
   club               [Unskilled]
   mace               [Unskilled]
   quarterstaff       [Basic]
   polearms           [Unskilled]
   spear              [Unskilled]
   trident            [Unskilled]
   sling              [Unskilled]
   dart               [Unskilled]
   shuriken           [Unskilled]
 Spellcasting Skills
   attack spells      [Basic]
   healing spells     [Unskilled]
   divination spells  [Unskilled]
   enchantment spells [Basic]
   clerical spells    [Unskilled]
   escape spells      [Unskilled]
   matter spells      [Unskilled]

Voluntary challenges:
 Your character was rerolled 127 times.
 You went without food.
 You were an atheist.
 You never hit with a wielded weapon.
 You were a pacifist.
 You genocided 1 type of monster.
 You never polymorphed an object.
 You never changed form.
 You used no wishes.

 The Dungeons of Doom:
    Level 1: <- You were here.
       Final resting place for
          you, killed by a scroll of genocide.


No creatures were vanquished.

Genocided species:
 humans
1 species genocided.

Game over:
                       ----------
                      /          \
                     /    REST    \
                    /      IN      \
                   /     PEACE      \
                  /                  \
                  |      JPB01       |
                  |       0 Au       |
                  |   killed by a    |
                  |    scroll of     |
                  |     genocide     |
                  |                  |
                  |       2026       |
                 *|     *  *  *      | *
        _________)/\\_//(\/(/\)/\//\/|_)_______

Goodbye JPB01 the Wizard...

You were genocided in The Dungeons of Doom on dungeon level 1 with 0 points,
and 0 pieces of gold, after 1 move.
You were level 1 with a maximum of 12 hit points when you were genocided.

